Map: Neon Violet Square LE

Players

Dutchkid - Winner!

  • Race: Zerg Zerg
  • League: Diamond
  • Spawn Location: 11:00

IlIlIlIlIlIl

  • Race: Terran Terran
  • League: Diamond
  • Spawn Location: 5:00

VOD

Have the link to the VOD?

Description

Time

  • Played on: Dec. 23, 2017, 7:57 a.m.
  • Length: 27:06
Show
View Real Time Build Order
Export as new Build Order

Dutchkid Zerg - Winner!

Build Orders: Hatch First 

Get SALT Encoding   

  12  0:01  Drone  
  13  0:13  Overlord  
  13  0:18  Drone  
  14  0:32  Drone x2  
  14  0:35  Drone  
  17  0:55  Hatchery  
  17  0:57  Drone  
  17  0:59  Extractor  
  17  1:01  Drone  
  17  1:16  Spawning Pool  
  16  1:18  Drone  
  16  1:24  Drone  
  18  1:28  Drone  
  19  1:39  Overlord  
  19  1:50  Drone  
  20  2:02  Metabolic Boost  
  20  2:03  Queen  
  20  2:04  Zergling x2  
  20  2:08  Queen  
  25  2:11  Zergling x2  
  25  2:14  Drone  
  27  2:32  Drone x2  
  27  2:33  Drone  
  30  2:45  Hatchery  
  30  2:46  Overlord  
  30  2:51  Overlord  
  29  2:59  Baneling Nest  
  29  3:04  Drone  
  29  3:05  Drone x2  
  31  3:12  Drone  
  32  3:15  Queen  
  34  3:23  Queen  
  36  3:33  Drone x4  
  40  3:35  Drone  
  40  3:38  Drone  
  40  3:40  Drone  
  43  3:42  Drone  
  44  3:48  Overlord  
  44  3:51  Overlord  
  44  4:03  Zergling x2  
  44  4:04  Zergling x10  
  44  4:08  Zergling x6  
  53  4:10  Zergling x2  
  54  4:18  Extractor  
  54  4:19  Spore Crawler  
  54  4:22  Overlord  
  52  4:40  Drone  
  52  4:41  Drone x10  
  52  4:43  Queen  
  65  4:50  Lair  
  58  5:07  Evolution Chamber  
  58  5:08  Zergling x2  
  58  5:09  Zergling x12, Evolution Chamber  
  58  5:10  Zergling x2  
  64  5:16  Baneling  
  64  5:17  Baneling x9  
  64  5:18  Baneling  
  64  5:29  Extractor  
  64  5:33  Baneling x4  
  64  5:34  Baneling  
  64  5:42  Zergling x2  
  64  5:43  Zergling x18  
  64  5:45  Overlord x3  
  60  6:17  Zergling x16  
  66  6:25  Drone x3  
  69  6:32  Drone x3  
  72  6:34  Drone x2  
  72  6:38  Drone  
  75  6:41  Baneling x4  
  74  6:51  Zerg Melee Weapons Level 1  
  74  6:56  Extractor, Drone x5  
  74  6:57  Extractor, Drone  
  74  6:58  Drone  
  74  7:01  Extractor  
  60  7:22  Zergling x2  
  60  7:23  Zergling x16  
  60  7:24  Hydralisk Den  
  60  7:29  Drone x3  
  69  7:37  Zerg Missile Weapons Level 1  
  69  7:39  Zergling x2  
  69  7:40  Zergling x12  
  76  7:50  Baneling x6  
  76  7:51  Baneling x6  
  76  7:54  Zergling x2  
  76  7:55  Zergling x4  
  79  8:01  Drone x2  
  79  8:02  Overlord x2  
  79  8:03  Overlord x3  
  81  8:21  Drone  
  81  8:22  Drone x3  
  81  8:23  Zergling x8  
  89  8:32  Muscular Augments  
  89  8:33  Centrifical Hooks  
  89  8:35  Hatchery, Hydralisk  
  89  8:36  Hydralisk x3  
  89  8:38  Zergling x10  
  101  8:51  Zerg Melee Weapons Level 2  
  101  8:53  Hydralisk x2  
  101  8:55  Zergling x8  
  109  8:57  Overlord x3  
  108  9:22  Hydralisk x3  
  108  9:23  Zergling x4, Hydralisk  
  108  9:24  Zergling x4  
  120  9:27  Baneling x2  
  120  9:28  Baneling x7, Hydralisk x3  
  120  9:30  Zergling x4  
  128  9:41  Baneling x5  
  128  9:45  Zerg Ground Armor Level 1  
  128  9:48  Baneling x2  
  128  10:03  Drone  
  128  10:04  Drone x13  
  109  10:29  Zergling x2  
  109  10:30  Zergling x14  
  117  10:40  Baneling x4, Infestation Pit  
  117  10:41  Zergling x8  
  120  10:52  Zergling x2, Spore Crawler  
  120  10:53  Zergling x12  
  120  10:54  Baneling x6  
  120  10:55  Baneling x8  
  120  10:57  Pneumatized Carapace  
  126  10:59  Overlord x3  
  126  11:07  Zerg Missile Weapons Level 2  
  126  11:09  Zergling x2  
  126  11:10  Zergling x24  
  139  11:24  Extractor  
  138  11:25  Hydralisk  
  138  11:26  Hydralisk x6  
  122  11:58  Overseer x3  
  122  12:05  Zergling x26  
  122  12:06  Zergling x18  
  144  12:09  Hive  
  144  12:13  Zerg Ground Armor Level 2  
  145  12:22  Drone  
  145  12:23  Extractor, Drone x2  
  146  12:33  Drone  
  146  12:35  Drone x3  
  150  12:40  Hatchery  
  144  12:51  Zergling x26  
  113  13:13  Hydralisk x13  
  113  13:14  Hydralisk  
  141  13:25  Zerg Melee Weapons Level 3  
  141  13:26  Adrenal Glands, Ultralisk Cavern  
  140  13:27  Zergling x2  
  140  13:28  Zergling x6  
  144  13:42  Baneling x3  
  144  13:43  Baneling x21  
  144  13:45  Zergling x14  
  144  13:46  Zergling x2  
  102  14:04  Zergling x26  
  102  14:05  Zergling x2  
  112  14:11  Baneling x8  
  112  14:12  Baneling x4  
  112  14:13  Ultralisk  
  112  14:14  Zergling x6  
  105  14:39  Drone  
  105  14:40  Queen, Drone x10  
  118  14:47  Chitinous Plating  
  118  14:50  Zerg Ground Armor Level 3  
  118  14:59  Ultralisk  
  124  15:14  Ultralisk  
  130  15:16  Ultralisk  
  136  15:25  Ultralisk  
  142  15:31  Baneling x4  
  142  15:35  Overseer x2  
  124  15:58  Ultralisk x2  
  124  15:59  Zergling x16, Ultralisk  
  150  16:16  Hatchery  
  150  16:17  Zergling x4  
  149  16:30  Hatchery  
  141  16:38  Zergling x14  
  130  16:47  Zergling x4  
  130  16:48  Zergling x6  
  135  16:57  Extractor  
  135  16:58  Extractor  
  135  17:00  Zerg Missile Weapons Level 3  
  133  17:02  Overlord x5  
  133  17:03  Overlord  
  132  17:17  Ultralisk  
  135  17:23  Hatchery  
  135  17:28  Overseer x2  
  134  17:33  Overseer x2  
  134  17:34  Overseer  
  134  17:37  Hydralisk x10  
  153  17:58  Extractor  
  152  18:00  Zergling x2, Ultralisk x2  
  152  18:01  Zergling x6  
  152  18:02  Extractor  
  147  18:21  Zergling x2  
  147  18:22  Zergling x24  
  147  18:23  Hydralisk x2  
  140  18:28  Queen  
  142  18:42  Baneling x7  
  142  18:43  Baneling x8  
  142  18:44  Zergling x2  
  142  18:45  Zergling x10  
  148  19:09  Hydralisk x6  
  116  19:10  Hydralisk x3  
  116  19:11  Zergling x2  
  116  19:12  Zergling x2  
  124  19:21  Queen  
  126  19:25  Queen  
  113  19:40  Ultralisk x3  
  122  19:49  Zergling x10  
  122  19:50  Zergling x8  
  129  19:59  Hydralisk x4  
  137  20:14  Ultralisk x2  
  149  20:31  Baneling x4  
  149  20:32  Baneling x7  
  149  20:33  Baneling x5  
  149  20:35  Zergling x2  
  150  20:36  Zergling x16  
  158  20:53  Extractor  
  158  20:54  Extractor  
  156  21:01  Zergling x2  
  156  21:02  Zergling x8, Hydralisk x7  
  139  21:30  Hydralisk x6  
  139  21:31  Hydralisk x2  
  155  21:34  Baneling x2  
  155  21:36  Baneling  
  155  21:49  Extractor  
  155  21:50  Extractor  
  143  22:20  Spore Crawler  
  139  22:26  Ultralisk  
  139  22:27  Spire, Zergling x14  
  139  22:28  Zergling x12  
  157  22:36  Drone x2  
  159  22:37  Drone x3  
  159  22:39  Overlord x3  
  159  22:40  Overlord  
  160  23:04  Zergling x2  
  160  23:05  Zergling x10, Hydralisk x10  
  168  23:11  Baneling  
  168  23:12  Baneling x10, Hatchery  
  185  23:13  Baneling  
  185  23:14  Baneling x2  
  185  23:15  Baneling  
  185  23:37  Extractor  
  185  23:38  Extractor  
  183  23:43  Greater Spire  
  183  23:57  Corruptor x7  
  175  24:39  Zergling x22  
  175  24:40  Zergling x2  
  169  25:04  Drone x6  
  175  25:11  Brood Lord x7  
  189  25:24  Baneling  
  189  25:25  Baneling x19  
  189  25:26  Zergling x2  
  189  25:27  Zergling x4  
  192  25:28  Zergling x2  
  193  25:38  Hatchery  
  174  26:00  Zergling x2  
  174  26:01  Zergling x36  
  177  26:13  Queen  
Show
View Real Time Build Order
Export as new Build Order

IlIlIlIlIlIl Terran 

Build Orders: MMM Bio 

Get SALT Encoding   

  12  0:00  SCV  
  13  0:13  SCV  
  14  0:18  Supply Depot  
  14  0:25  SCV  
  15  0:40  SCV  
  15  0:42  Barracks  
  16  0:52  SCV  
  17  1:04  SCV  
  18  1:16  SCV  
  19  1:21  Command Center  
  19  1:31  Orbital Command  
  19  1:37  Marine  
  20  1:44  Barracks  
  20  1:51  Supply Depot  
  20  1:58  SCV  
  21  2:03  Marine  
  22  2:10  Barracks  
  22  2:18  Bunker  
  22  2:20  SCV  
  23  2:23  Marine  
  24  2:32  Marine  
  24  2:34  SCV  
  24  2:36  Orbital Command, Refinery  
  26  2:43  Marine  
  27  2:51  Supply Depot, Marine  
  28  2:52  SCV  
  29  3:04  SCV, Marine  
  31  3:10  Barracks Tech Lab  
  31  3:11  Marine  
  32  3:13  SCV  
  32  3:16  SCV  
  32  3:18  Supply Depot  
  34  3:22  Marine  
  34  3:25  SCV  
  36  3:28  Marine  
  36  3:29  Marine  
  36  3:33  SCV  
  39  3:38  SCV  
  39  3:39  Marine  
  41  3:45  Supply Depot  
  41  3:46  Marine  
  41  3:47  Combat Shields, Marine  
  43  3:51  SCV x2  
  45  3:57  Marine  
  46  4:03  SCV x2  
  46  4:04  Marine  
  46  4:05  Marine  
  46  4:09  Command Center  
  50  4:14  Supply Depot  
  50  4:15  SCV x2  
  50  4:16  Marine  
  53  4:22  Marine  
  54  4:26  Marine  
  54  4:27  SCV x2  
  57  4:33  Refinery  
  57  4:35  Factory, Refinery  
  57  4:39  SCV x2  
  57  4:40  Supply Depot  
  57  4:44  Marine x3  
  62  4:51  SCV x2  
  64  5:03  SCV x2  
  66  5:08  Engineering Bay x2  
  66  5:12  Supply Depot  
  66  5:15  SCV x2  
  66  5:17  Stimpack, Marine x3  
  71  5:21  Factory Reactor  
  71  5:22  Orbital Command, Starport  
  71  5:27  SCV, Barracks  
  72  5:31  Barracks  
  72  5:35  Barracks Reactor  
  72  5:36  Barracks Tech Lab  
  72  5:37  Marauder  
  72  5:39  SCV x2  
  72  5:42  Refinery  
  76  5:46  Supply Depot  
  76  5:51  Terran Infantry Weapons Level 1  
  76  6:06  Marine x2  
  66  6:17  Barracks Reactor  
  62  6:24  Barracks Reactor  
  62  6:26  Orbital Command, Marauder x2  
  62  6:27  Marine x2  
  62  6:28  Factory Reactor  
  62  6:30  Terran Infantry Armor Level 1  
  62  6:32  SCV x2  
  70  6:44  SCV  
  70  6:45  Command Center  
  71  6:56  Marine x4  
  71  6:57  Marauder x2  
  71  6:58  Medivac x2  
  71  7:01  Armory  
  83  7:02  Marine x2  
  80  7:14  Marine x2  
  68  7:30  Widow Mine, Supply Depot  
  68  7:33  SCV x3, Supply Depot  
  68  7:36  Supply Depot, Marine x6  
  77  7:37  Marauder  
  77  7:38  Marauder  
  83  7:45  SCV x3  
  86  7:56  Marine x3  
  86  7:57  Marine x2  
  91  7:58  Medivac  
  91  7:59  Medivac  
  91  8:00  Terran Infantry Weapons Level 2  
  91  8:01  SCV x2  
  91  8:03  Orbital Command  
  97  8:15  Marine x2  
  97  8:16  Marauder x2, Marine  
  104  8:22  SCV x2  
  104  8:25  Widow Mine x2  
  106  8:30  Terran Infantry Armor Level 2  
  106  8:31  Marine x2  
  106  8:34  Marine x4  
  113  8:39  Marauder x2  
  113  8:40  Medivac  
  113  8:41  SCV x4  
  124  8:43  Refinery  
  124  8:44  Refinery  
  124  8:47  Barracks  
  126  8:51  Barracks  
  126  8:53  SCV x2, Marine x2  
  126  8:54  Marine x2  
  132  9:01  Supply Depot  
  132  9:04  Marine  
  132  9:05  SCV, Marauder  
  135  9:16  Widow Mine x2  
  133  9:21  Marine x4  
  133  9:22  Medivac  
  133  9:23  Medivac  
  145  9:28  Supply Depot  
  145  9:47  Widow Mine x2  
  145  9:52  Marine x2  
  145  9:53  Marine x3  
  145  9:54  Marine  
  145  9:55  Marauder x2, Medivac x2  
  163  10:01  SCV  
  163  10:06  SCV x2  
  166  10:07  Supply Depot  
  166  10:08  Refinery  
  166  10:10  Supply Depot  
  160  10:21  Widow Mine x2  
  119  10:26  Marine x4  
  119  10:27  Marine x2  
  119  10:28  Marauder x2  
  114  10:29  Medivac x2  
  122  10:38  Terran Infantry Weapons Level 3  
  122  10:44  Factory, Barracks Tech Lab  
  122  10:45  Widow Mine, Barracks Reactor  
  122  10:46  Widow Mine  
  122  10:50  Marine  
  122  10:51  Marine x4  
  122  10:52  Marine  
  122  10:53  Marauder x2  
  136  11:05  Command Center  
  136  11:09  Marine  
  136  11:10  Marine x3  
  136  11:11  Marauder  
  142  11:14  Marauder  
  142  11:15  Widow Mine x2  
  148  11:32  Marine x7  
  152  11:33  Marine  
  152  11:34  Marauder x2  
  152  11:35  Marauder  
  144  11:52  Widow Mine x2  
  128  11:55  Marauder  
  128  11:57  Marine x2  
  128  11:58  Marine x5  
  128  11:59  Marauder x2  
  140  12:04  Terran Infantry Armor Level 3  
  140  12:06  Factory Tech Lab  
  140  12:07  Marine  
  141  12:12  Terran Vehicle Weapons Level 1  
  141  12:13  Command Center  
  141  12:15  Marine x2  
  141  12:16  Marauder  
  141  12:18  Concussive Shells  
  141  12:19  Marine x5  
  141  12:21  Marauder x2  
  154  12:29  Widow Mine x2  
  154  12:34  Marine x3  
  154  12:36  Siege Tank  
  164  12:38  Marauder, Marine x2  
  164  12:39  Marine  
  164  12:42  Marauder x2  
  152  12:54  Marine x4  
  135  12:59  Marauder  
  135  13:03  Marauder  
  135  13:04  Marauder  
  135  13:08  Marine x3  
  135  13:09  Marine  
  135  13:12  Marine  
  138  13:13  Widow Mine  
  138  13:16  Orbital Command  
  138  13:19  Marine x3  
  141  13:20  Marauder  
  141  13:25  Marauder x2  
  141  13:26  Orbital Command, Marine x4  
  153  13:34  SCV x3  
  153  13:35  SCV  
  157  13:42  Marauder, Medivac  
  157  13:43  Marine x4, Medivac  
  157  13:46  SCV  
  126  14:04  Widow Mine x2  
  126  14:08  Marine  
  126  14:09  Marine x5  
  124  14:10  Marauder, Marine  
  124  14:11  Marauder x2  
  124  14:12  Siege Tank  
  124  14:31  Widow Mine x2  
  124  14:37  Marine x8  
  126  14:38  Marauder x2  
  126  14:39  Marauder  
  126  14:40  Medivac x2  
  126  14:43  Terran Vehicle Weapons Level 2  
  136  14:46  SCV x3  
  136  14:47  SCV x3  
  142  14:56  Factory, Marine x6  
  142  14:57  Factory, Marine x2  
  142  14:58  SCV  
  142  14:59  Marine  
  152  15:05  Widow Mine x2  
  152  15:11  Marine  
  152  15:12  Marine  
  152  15:13  Marine  
  152  15:14  Siege Tank, Marine x2  
  168  15:21  Liberator  
  168  15:22  Liberator  
  168  15:39  Marine  
  168  15:40  Marine x6  
  168  15:41  Marine  
  168  15:42  Marauder x3  
  155  16:10  Starport x2  
  155  16:11  Factory Tech Lab  
  155  16:12  Fusion Core, Factory Tech Lab, Refinery  
  153  16:23  Marauder x3  
  159  16:27  Liberator x2  
  120  16:44  Marauder, Marine  
  120  16:45  Marine x6  
  120  16:46  Marine  
  130  16:48  Cyclone x3  
  130  16:49  Cyclone  
  130  16:50  Cyclone  
  130  16:52  Starport Tech Lab  
  130  16:53  Starport Reactor  
  145  17:06  Marine x2  
  145  17:07  Marine x6  
  155  17:08  Marauder  
  155  17:09  Marauder x2  
  155  17:13  Terran Vehicle Weapons Level 3  
  159  17:19  Liberator x4  
  159  17:20  Liberator  
  159  17:22  Orbital Command  
  159  17:28  Advanced Ballistics  
  159  17:29  Command Center  
  169  17:39  Cyclone x2  
  169  17:43  Marine x2  
  180  17:53  Refinery  
  180  17:58  Refinery  
  180  18:03  Marine x3  
  180  18:04  Marine x4  
  180  18:05  Marauder x3  
  193  18:07  Cyclone x2  
  193  18:11  Liberator x2  
  176  18:26  Marauder, Marine  
  176  18:27  Marine x4  
  146  18:28  Marauder x2  
  146  18:30  Medivac x2  
  146  18:31  Medivac  
  166  18:37  Marine x3  
  169  18:44  Marine x2  
  169  18:45  Command Center, Marine x2  
  169  18:46  Cyclone x3  
  169  18:48  Marauder  
  184  18:49  Marauder  
  184  18:50  Refinery  
  184  18:51  Refinery  
  150  19:15  Marauder x3  
  150  19:16  Marine x6  
  150  19:17  Marine x2  
  130  19:18  Cyclone x3  
  132  19:33  Marine  
  132  19:34  Liberator x3  
  132  19:36  Marauder x3  
  129  19:49  Marine  
  129  19:50  Marine x6  
  129  19:51  Medivac  
  147  20:09  Marine x2  
  147  20:10  Marine x7  
  156  20:18  Command Center  
  156  20:19  Orbital Command  
  156  20:28  Liberator, Marine x3  
  156  20:29  Command Center, Liberator x4, Marine x4  
  156  20:30  Marauder x3  
  169  20:37  Terran Ship Weapons Level 1  
  169  20:43  Refinery  
  184  20:51  Marauder  
  184  20:56  Refinery  
  139  21:08  Widow Mine x2  
  139  21:09  Widow Mine x3  
  109  21:14  Marine x6  
  109  21:15  Liberator x2, Marauder, Marine  
  109  21:16  Marauder x2  
  130  21:20  Orbital Command  
  130  21:30  Widow Mine  
  136  21:33  Medivac  
  136  21:37  Marauder  
  142  21:49  Marine x7  
  142  21:50  Marine x2  
  142  21:51  Marauder  
  153  22:00  Liberator x2  
  153  22:01  Liberator x2  
  134  22:19  Marine x3  
  149  22:39  Planetary Fortress  
  149  22:53  Marine x3  
  149  22:54  Marine x5  
  149  22:55  Marauder x3  
  160  23:01  Orbital Command  
  160  23:02  Liberator  
  160  23:07  Drilling Claws  
  160  23:17  Marauder x2  
  160  23:19  Medivac x3  
  173  23:29  Marine x6  
  173  23:30  Marauder  
  181  23:38  Marauder x2  
  185  23:44  Marine x2  
  185  23:46  Marine  
  185  23:47  Marine x2  
  190  23:51  Refinery, Marauder  
  190  23:52  Refinery  
  189  23:59  Marauder  
  189  24:00  Marauder  
  193  24:03  Marine x3  
  196  24:13  Marauder  
  196  24:15  Viking  
  162  24:41  Widow Mine  
  162  24:42  Widow Mine  
  110  24:47  Marine x6  
  110  24:48  Marine x2  
  110  24:49  Marauder x3  
  110  24:51  Siege Tank x3  
  128  25:05  Marine x6  
  134  25:10  Marauder x3  
  139  25:16  Viking x5  
  132  25:28  Marine x4  
  132  25:29  Marine x3  
  132  25:31  Marauder  
  132  25:33  Siege Tank  
  144  25:48  Marine x5  
  144  25:49  Marine x3  
  124  26:02  Widow Mine x2  
  124  26:03  Widow Mine  
  80  26:07  Marine x5  
  80  26:08  Marine x3  
  80  26:09  Marauder x3  
  94  26:25  Viking x2, Marine x5  
  96  26:26  Marine x3  
  96  26:30  Marauder x2  
Tags
 
Add a new tag
Caveats
  • Supply blocks, unpowered buildings, or Contaminate may cause inaccurate times.
  • Supply counts are checked every 10 seconds.